AoeStats
← bathi90dn

African Clearing

504989921Analyzed
4v4 RM · 24d ago on Sep 7, 2026· 39m 38s· 8 players
Game mode
Random Map
Map size
Large (8 player)
Population
200
Speed
Normal
Resources
Standard
Victory
Conquest
Starting age
Dark Age
Ending age
Imperial Age
RankedLock teamsTeams togetherTeam positionsShared explorationLock speedFull tech treeHidden civsTurbo modeCheats
Victory
Defeat
🇨🇳 Mongols · China
1743
+10
🇨🇳 Persians · China
1677
+12
🇻🇳 Spanish · Vietnam
1633
+14
🇹🇼 Berbers · Taiwan
1539
+17
🇰🇿 Spanish · Kazakhstan
1684
-17
🇸🇪 Berbers · Sweden
1678
-17
🇰🇷 Britons · South Korea
1529
-11
🇭🇰 Magyars · Hong Kong SAR China
1458
-8
bathi90dn
3:33 Loom
4:06 Loom
13:07 Feudal Age
14:16 Double-Bit Axe
16:50 Castle Age
16:55 Pikeman
31:42 Wheelbarrow
Jhih
9:34 Loom
10:20 Loom
13:08 Feudal Age
18:34 Castle Age
16:57 Double-Bit Axe
18:08 Fletching
19:21 Bodkin Arrow
21:20 Bow Saw
23:08 Ballistics
28:07 Horse Collar
35:04 Padded Archer Armor
爱人跟人走
12:35 Feudal Age
14:26 Loom
16:55 Castle Age
16:09 Double-Bit Axe
16:15 Gold Mining
16:29 Fletching
18:09 Bow Saw
19:35 Horse Collar
22:59 Ballistics
25:56 Bodkin Arrow
28:29 Heavy Plow
29:05 Wheelbarrow
30:43 Hand Cart
30:40 Gold Mining
32:51 Gold Shaft Mining
36:01 Imperial Age
34:20 Stone Mining
36:44 Bracer
37:06 Conscription
36:51 Elite Mangudai
37:32 Town Watch
38:23 Padded Archer Armor
38:54 Bloodlines
十大地方
12:04 Feudal Age
12:30 Loom
13:49 Town Watch
19:01 Castle Age
17:21 Scale Barding Armor
18:51 Forging
18:45 Fletching
19:22 Double-Bit Axe
28:59 Bow Saw
31:13 Wheelbarrow
30:33 Gold Mining
30:34 Stone Mining
32:24 Hand Cart
34:59 Imperial Age
32:52 Horse Collar
33:39 Bloodlines
33:29 Husbandry
34:46 Chain Barding Armor
35:02 Iron Casting
37:02 Cavalier
38:57 Plate Barding Armor
39:52 Blast Furnace
39:27 Savar
Sakmelo
8:21 Loom
11:09 Feudal Age
11:44 Double-Bit Axe
14:35 Scale Barding Armor
22:21 Bloodlines
22:30 Bloodlines
29:51 Castle Age
27:49 Horse Collar
31:01 Bow Saw
36:57 Wheelbarrow
Trashclaus
7:30 Loom
12:32 Feudal Age
13:16 Double-Bit Axe
14:36 Town Watch
18:53 Wheelbarrow
23:03 Castle Age
27:09 Bow Saw
36:20 Redemption
kuromi
5:41 Loom
13:03 Feudal Age
17:18 Castle Age
15:28 Double-Bit Axe
15:37 Horse Collar
17:39 Crossbowman
18:26 Fletching
19:47 Bodkin Arrow
26:55 Wheelbarrow
27:22 Padded Archer Armor
30:31 Ballistics
30:56 Bow Saw
31:04 Town Watch
37:36 Imperial Age
35:24 Gold Mining
35:25 Stone Mining
37:06 Hand Cart
37:04 Heavy Plow
37:20 Fishing Lines
38:19 Bracer
39:00 Gold Shaft Mining
SHell | Denchik_Ne_Lohx
7:59 Loom
13:28 Feudal Age
17:29 Castle Age
15:27 Double-Bit Axe
16:26 Horse Collar
18:33 Bow Saw
31:16 Wheelbarrow
31:55 Husbandry
32:50 Wheelbarrow
33:34 Bloodlines
39:52 Imperial Age
39:04 Padded Archer Armor
Connection lost

Rejoining the realm…

Still unreachable

The connection could not be restored.

Session expired

The server has moved on; the page needs a fresh start.